 Dungeon Crawl Stone Soup version 0.31-a0-152-g6aa68a64a1 (webtiles) character file.

Game seed: 16056149469718728372

166 comborobin the Sneak (level 5, -9/33 HPs)
             Began as a Deep Elf Delver on June 10, 2023.
             Mangled by a black bear (12 damage)
             ... on level 4 of the Dungeon.
             The game lasted 00:02:58 (2544 turns).

comborobin the Sneak (Deep Elf Delver)              Turns: 2544, Time: 00:02:58

Health: -9/33      AC:  3    Str: 11    XL:     5   Next: 22%
Magic:  7/7        EV: 12    Int: 15    God:
Gold:   118        SH:  0    Dex: 16    Spells: 3/4 levels left

rFire   . . .        a - +0 dagger (venom)
rCold   . . .        (no shield)
rNeg    . . .        b - +0 leather armour
rPois   .            (no helmet)
rElec   .            (no cloak)
rCorr   .            (no gloves)
SInv    .            (no boots)
Will    .....        (no amulet)
Stlth   +++          (no ring)
HPRegen 0.25/turn    (no ring)
MPRegen 0.10/turn

%: no passive effects
@: hasted, very quick
A: no striking features
a: no special abilities


You were on level 4 of the Dungeon.
You visited 1 branch of the dungeon, and saw 5 of its levels.

You collected 118 gold pieces.

Inventory:

Hand Weapons
 a - a +0 dagger of venom (weapon)
 d - a +1 rapier
Armour
 b - a +0 leather armour (worn)
 h - a +0 robe
Magical Staves
 f - a staff of fire
 n - a staff of air
Jewellery
 k - a +6 ring of intelligence
Wands
 g - a wand of digging (3)
 q - a wand of roots (10)
Scrolls
 c - 3 scrolls of fog
 i - 3 scrolls of teleportation
 l - a scroll of poison {unknown}
 o - a scroll of identify {unknown}
 p - a scroll of blinking {unknown}
Potions
 j - a potion of attraction {unknown}
 m - 2 potions of brilliance {unknown}


   Skills:
 + Level 3.6 Fighting
 - Level 4.3 Short Blades
 - Level 2.4 Dodging
 - Level 6.0 Stealth


You had 3 spell levels left.
You knew the following spells:

 Your Spells              Type           Power      Damage    Failure   Level
a - Beastly Appendage     Tmut           0%         N/A       34%         1

Your spell library contained the following spells:

 Spells                   Type           Power      Damage    Failure   Level
 Wereblood                Tmut           0%         N/A       47%         2
 Spider Form              Tmut/Pois      0%         N/A       71%         3


Dungeon Overview and Level Annotations

Branches:
Dungeon (6/15)             Temple (0/1) D:6

Altars:


Message History

There is an open door here.
There is an open door here.
A black bear is nearby!
A black bear is nearby!
A black bear is nearby!
The black bear growls angrily.
The black bear bites you. The black bear claws you. x2
You hit the black bear.
The black bear is poisoned.
The black bear is lightly wounded.
The black bear bites you but does no damage.
The black bear claws you.
The black bear claws you but does no damage.
You hit the black bear.
The black bear is lightly wounded.
You hit the black bear.
The black bear looks as sick as possible!
The black bear is lightly wounded.
The black bear bites you but does no damage.
The black bear barely misses you. The black bear claws you.
You barely miss the black bear. Your punch misses the black bear.
The black bear is moderately wounded.
The black bear barely misses you. The black bear misses you.
The black bear barely misses you.
You hit the black bear but do no damage.
The black bear looks as sick as possible!
The black bear is heavily wounded.
The black bear barely misses you. The black bear claws you. x2
The black bear attacks as you move away!
The black bear barely misses you. x2; The black bear claws you.
The black bear attacks as you move away!
The black bear bites you!
* * * LOW HITPOINT WARNING * * *
The black bear claws you.
* * * LOW HITPOINT WARNING * * *
The black bear claws you.
* * * LOW HITPOINT WARNING * * *
You feel yourself speed up.
The black bear goes berserk!
The black bear attacks as you move away!
The black bear bites you!
You die...

#...#........##
##...#........#.
#....#........#.
#....#####....#.
#.#####..#....#.
#########....##..#....#.
#....#..#.....#..#....##
#....#..h#...##..#..)..#
#....#.@##...##..#.....#
#....#..#######..#.....#
#....#........#..#.....#
#....#........#..#.....#
#....#######.##.##.....#
#..........#'##.######..
#..........#.........#..
#..........#.........#..
#####......#.........#..


You could see a black bear (berserk, very poisoned).

Vanquished Creatures
  A scorpion (D:4)
  6 adders
  A gnoll (D:3)
  A dart slug (D:3)
  An orc (D:3)
  2 bats
  8 endoplasms
  2 giant cockroaches
  A goblin (D:2)
  2 hobgoblins
  2 jackals (D:2)
  2 quokkas
  2 ball pythons (D:2)
  A frilled lizard (D:3)
  7 kobolds
  2 rats
41 creatures vanquished.

Notes
Turn   | Place    | Note
-------+----------+-------------------------------------------
     0 | D:5      | comborobin the Deep Elf Delver began the quest for the Orb.
     0 | D:5      | Reached XP level 1. HP: 13/13 MP: 3/3
     1 | D:5      | Noticed an iguana
    27 | D:6      | Noticed a jelly
   162 | D:4      | Reached XP level 2. HP: 18/18 MP: 4/4
   375 | D:4      | Noticed a black bear
   585 | D:3      | Reached XP level 3. HP: 22/22 MP: 5/5
   693 | D:3      | Learned a level 1 spell: Beastly Appendage
   995 | D:2      | Reached XP level 4. HP: 5/27 MP: 6/6
  1631 | D:2      | Identified the +3 leather armour of the Realm of Zot {-Tele
                  | Drain rN+++ SInv}
  2445 | D:4      | Noticed a scorpion
  2448 | D:4      | Killed a scorpion
  2449 | D:4      | Reached XP level 5. HP: 33/33 MP: 7/7
  2544 | D:4      | Mangled by a black bear

Illustrated notes

Levels and vault maps discovered:
D:2:      layout_basic, nicolae_elevator_lobby_plus
D:3:      layout_basic, serial_rivers, chequers_serial_rivers_small_3,
          chequers_serial_rivers_micro_e, chequers_serial_rivers_micro_b,
          chequers_serial_rivers_micro_e
D:4:      layout_gridville, uniq_eustachio
D:5:      layout_cave_pods, minmay_fractal_squares_gapless_5, uniq_edmund
D:6:      minmay_polygon_palace, layout_basic,
          minmay_temple_entry_drinking_statues, uniq_blork_the_orc, uniq_duvessa

Skill      XL: |  1  2  3  4 |
---------------+-------------+-----
Short Blades   | 3 4 |  4.3
Fighting       | 3 |  3.6
Dodging        | |  2.4
Stealth        | |  6.0

Action                     |  1- 3 |  4- 6 || total
---------------------------+-------+-------++-------
  Melee: Rapier            |    27 |       ||    27
         Dagger            |    40 |    51 ||    91
         Punch             |       |     1 ||     1
    Use: Scroll            |     3 |     2 ||     5
         Potion            |     2 |     1 ||     3
   Stab: Sleeping          |    11 |     6 ||    17
         Distracted        |       |     1 ||     1
 Armour: Leather armour    |    13 |    14 ||    27
  Dodge: Dodged            |    37 |    25 ||    62

Table legend: (Time is in decaauts)
 A = Elapsed time spent in this place.
 B = Non-inter-level travel time spent in this place.
 C = Inter-level travel time spent in this place.
 D = Time resting spent in this place.
 E = Time spent auto-exploring this place.
 F = Levels seen in this place.
 G = Mean time per level.
                   A        B        C        D        E       F      G
               +--------+--------+--------+--------+--------+-----+--------+
         Total |   2510 |   2409 |    101 |    255 |   1628 |   5 |  502.0 |
       Dungeon |   2510 |   2409 |    101 |    255 |   1628 |   5 |  502.0 |
               +--------+--------+--------+--------+--------+-----+--------+

Top non-repeatable levels by time:
     D:3: 853 daAuts
     D:2: 839 daAuts
     D:4: 737 daAuts
     D:5: 48 daAuts
     D:6: 32 daAuts
